 Dungeon Crawl Stone Soup version 0.32-a0-540-g866d13106e (webtiles) character file.

Game seed: 11935158109419599290

200 dialectric the Sneak (level 5, 0/37 HPs)
             Began as an Octopode Delver on Feb 29, 2024.
             Slain by an iguana (6 damage)
             ... on level 5 of the Dungeon.
             The game lasted 00:02:58 (612 turns).

dialectric the Sneak (Octopode Delver)               Turns: 612, Time: 00:02:59

Health: 0/37       AC:  1    Str: 11    XL:     5   Next: 78%
Magic:  5/5        EV: 14    Int: 12    God:
Gold:   72         SH:  0    Dex: 16    Spells: 4/4 levels left

rFire   . . .        a - +0 short sword
rCold   . . .        (no shield)
rNeg    . . .        (helmet restricted)
rPois   .            (no amulet)
rElec   .            (no ring)
rCorr   .            (no ring)
SInv    .            (no ring)
Will    .....        (no ring)
Stlth   +++++        (no ring)
HPRegen 0.26/turn    (no ring)
MPRegen 0.09/turn    (no ring)
                     (no ring)

%: no passive effects
@: hasted and slowed
A: almost no armour, amphibious, 8 rings, camouflage 1, gelatinous body 1,
(nimble swimmer 1), tentacles
a: no special abilities


You were on level 5 of the Dungeon.
You visited 1 branch of the dungeon, and saw 2 of its levels.

You collected 72 gold pieces.

Inventory:

Hand Weapons
 a - a +0 short sword (weapon)
Jewellery
 l - a +6 ring of dexterity
Wands
 f - a wand of digging (3)
Scrolls
 b - 2 scrolls of fog
 c - a scroll of revelation
 d - a scroll of fear
 h - a scroll of torment {unknown}
 i - a scroll of teleportation {unknown}
 j - a scroll of enchant weapon {unknown}
 k - 2 scrolls of enchant armour {unknown}


   Skills:
 - Level 4.0 Fighting
 + Level 3.3 Short Blades
 + Level 3.3 Dodging
 + Level 7.7 Stealth


You had 4 spell levels left.
You didn't know any spells.
Your spell library was empty.

Dungeon Overview and Level Annotations

Branches:
Dungeon (5/15)
 Temple: D:4-7

Altars:
Ashenzari
Uskayaw

Annotations:
D:4 Natasha


Innate Abilities, Weirdness & Mutations

You cannot wear most types of armour.
You are amphibious.
You can wear up to eight rings at the same time.
Your skin changes colour to match your surroundings (Stealth+).
Your rubbery body absorbs attacks. (AC +1, EV +1)
((You are camouflaged when in or above water. (Stealth+)))
You have tentacles for arms and can constrict up to eight enemies at once.


Message History

A ball python comes into view.
Natasha hisses angrily.
The gnoll shouts!
The ball python hisses angrily.
You hit the gnoll. You grab the gnoll.
The gnoll is lightly wounded.
You constrict the gnoll. The gnoll closely misses you.
Natasha casts a spell at you.
You feel yourself slow down.
You hit the gnoll. You squeeze the gnoll.
The gnoll is severely wounded.
You constrict the gnoll.
The gnoll hits you with a +2 whip of venom.
You are poisoned.
You hit the gnoll.
You kill the gnoll!
You feel very sick. The ball python misses you. The ball python grabs you.
The ball python constricts you.
You barely miss the ball python. You grab the ball python.
You constrict the ball python!
You kill the ball python!
You feel sick. Natasha claws you!
Natasha mewls in sadness.
Natasha completely misses you.
Unknown command.
Unknown command.
It was a potion of curing.
You feel better. Natasha claws you!
You feel yourself speed up. Natasha misses you. Natasha closely misses you.
Natasha mumbles some strange words.
Natasha shimmers violently.
There is an escape hatch in the floor, spattered with blood here.
Things that are here:
a +2 whip of venom; a ball python corpse; a gnoll corpse Natasha attacks as she pursues you!
Natasha claws you!
* * * LOW HITPOINT WARNING * * *
Natasha stares at you and mumbles some strange words.
You resist with some effort.
There is a stone staircase leading down here.
Natasha mumbles some strange words.
You climb downwards.
The iguana bites you.
You die...

#.............#
#....####......##
#...# #.......#
...## ##.........
..# ##..........
. ##...........
S. ##....###.....
... ##....## ....
...# ##l@..##
B....
....###....##
......#
...#......##
#.....B.##
.........##
#.........##
.......#.# #....#
....#
..###...####....#
#.... .
#....#..#..#
#.... ##.#......#
##... #..#....###
#....


You could see an iguana.

Vanquished Creatures
  2 hounds (D:4)
  2 orc priests (D:4)
  2 adders
  4 gnolls (D:4)
  A ribbon worm (D:4)
  A dart slug (D:4)
  5 orcs (D:4)
  A giant cockroach (D:4)
  A hobgoblin (D:4)
  2 ball pythons (D:4)
  A kobold (D:4)
22 creatures vanquished.

Notes
Turn   | Place    | Note
-------+----------+-------------------------------------------
     0 | D:5      | dialectric the Octopode Delver began the quest for the Orb.
     0 | D:5      | Reached XP level 1. HP: 16/16 MP: 1/1
    68 | D:5      | Reached XP level 2. HP: 5/21 MP: 2/2
   182 | D:5      | Noticed a bombardier beetle
   209 | D:5      | Noticed a bombardier beetle
   218 | D:4      | Noticed a scorpion
   273 | D:4      | Reached skill level 7 in Stealth
   273 | D:4      | Reached XP level 3. HP: 20/26 MP: 3/3
   328 | D:4      | Reached XP level 4. HP: 32/32 MP: 4/4
   329 | D:4      | Found a broken altar of Ashenzari.
   428 | D:4      | Reached XP level 5. HP: 21/37 MP: 5/5
   482 | D:4      | Found a hide-covered altar of Uskayaw.
   548 | D:4      | Noticed Natasha
   612 | D:5      | Slain by an iguana

Illustrated notes

Levels and vault maps discovered:
D:4:      layout_basic, mainiacjoe_overflow_paths, lemuel_round_altar,
          nicolae_uskayaw_dance_hall, gup_sewer_entry_pipe,
          kennysheep_minor_cross, minmay_between, uniq_blork_the_orc,
          uniq_natasha
D:5:      layout_layer_cave, minmay_temple_entry_butterflies

Skill      XL: |  1  2  3  4  5 |
---------------+----------------+-----
Stealth        | 7 |  7.7
Short Blades   | 3 |  3.3
Dodging        | 3 |  3.3
Fighting       | 4 |  4.0

Action                     |  1- 3 |  4- 6 || total
---------------------------+-------+-------++-------
  Melee: Short sword       |    19 |    32 ||    51
         Constrict         |     2 |    12 ||    14
         Tentacles         |     3 |    11 ||    14
  Throw: Throwing net      |       |     1 ||     1
    Use: Potion            |       |     2 ||     2
   Stab: Sleeping          |     6 |     2 ||     8
         Distracted        |       |     1 ||     1
 Armour: Skin              |     6 |    15 ||    21
  Dodge: Dodged            |     9 |    22 ||    31

Table legend: (Time is in decaauts)
 A = Elapsed time spent in this place.
 B = Non-inter-level travel time spent in this place.
 C = Inter-level travel time spent in this place.
 D = Time resting spent in this place.
 E = Time spent auto-exploring this place.
 F = Levels seen in this place.
 G = Mean time per level.
                   A        B        C        D        E       F      G
               +--------+--------+--------+--------+--------+-----+--------+
         Total |    606 |    606 |      0 |     73 |     65 |   2 |  303.0 |
       Dungeon |    606 |    606 |      0 |     73 |     65 |   2 |  303.0 |
               +--------+--------+--------+--------+--------+-----+--------+

Top non-repeatable levels by time:
     D:4: 366 daAuts
     D:5: 240 daAuts
